 Dungeon Crawl Stone Soup version 0.30-a0-55-g90e3122c3a (webtiles) character file.

Game seed: 11870092316248606245

181 LnG the Chopper (level 5, -13/47 HPs)
             Began as a Hill Orc Fighter on Sept 9, 2022.
             Mangled by a kobold brigand
             ... wielding a +1 whip of electrocution
              (20 damage)
             ... in a sewer.
             The game lasted 00:04:32 (2439 turns).

LnG the Chopper (Hill Orc Fighter)                  Turns: 2439, Time: 00:04:33

Health: -13/47     AC:  7    Str: 21    XL:     5   Next: 61%
Magic:  5/5        EV:  9    Int:  8    God:
Gold:   43         SH:  4    Dex: 10    Spells: 4/4 levels left

rFire   . . .      SeeInvis .    a - +0 war axe
rCold   . . .      Faith    .    c - +0 buckler
rNeg    . . .      Spirit   .    b - +0 scale mail
rPois   .          Reflect  .    (no helmet)
rElec   .          Harm     .    (no cloak)
rCorr   .          Rampage  .    (no gloves)
Will    .....                    (no boots)
Stlth   ..........               (no amulet)
HPRegen 0.15/turn                n - ring of flight
MPRegen 0.09/turn                (no ring)

@: flying
A: no striking features
a: no special abilities


You were in a sewer.
You visited 1 branch of the dungeon, and saw 3 of its levels.
You also visited: Sewer.

You collected 82 gold pieces.
You spent 39 gold pieces at shops.

Inventory:

Hand Weapons
 a - a +0 war axe (weapon)
Armour
 b - a +0 scale mail (worn)
 c - a +0 buckler (worn)
Jewellery
 n - a ring of flight (left hand)
 p - an amulet of faith
Scrolls
 e - 5 scrolls of identify {unknown}
 j - 2 scrolls of butterflies {unknown}
 k - a scroll of summoning {unknown}
 l - a scroll of enchant weapon {unknown}
 o - a scroll of enchant armour {unknown}
 q - a scroll of brand weapon {unknown}
 s - a scroll of fear {unknown}
Potions
 d - a potion of might
 f - a potion of haste {unknown}
 g - 3 potions of curing
 h - a potion of heal wounds {unknown}
 i - a potion of brilliance {unknown}
 m - a potion of cancellation {unknown}
 r - a potion of flight {unknown}


   Skills:
 + Level 4.7 Fighting
 + Level 5.2 Axes
 + Level 4.2 Armour
 + Level 0.5 Dodging
 + Level 0.1 Stealth
 + Level 3.6 Shields


You had 4 spell levels left.
You didn't know any spells.
Your spell library contained the following spells:

 Spells                   Type           Power      Damage    Failure   Level
 Borgnjor's Revivificati  Necr           0%         N/A       100%        8
 Necromutation            Tmut/Necr      0%         N/A       100%        8
 Death's Door             Necr           0%         N/A       100%        9


Dungeon Overview and Level Annotations

Branches:
Dungeon (3/15)              Sewer (1/1)

Altars:

Shops:
D:2 *


Message History

No target in view!
No target in view!
No target in view!
No target in view!
No target in view!
No target in view!
No target in view!
You start resting.
HP restored.
A kobold comes into view. It is wielding a +0 short sword.
Found a scroll labelled GUENIA EGAMEG.
The kobold shouts!
You slash the kobold!
You kill the kobold!
You hear a splash.
No target in view!
No target in view!
No target in view!
s - a scroll labelled GUENIA EGAMEG A kobold brigand and a rat come into view.
The kobold brigand is wielding a +1 whip of electrocution and quivering poisoned darts.
The kobold brigand shouts!
You slash the rat!
You kill the rat!
You closely miss the kobold brigand.
The kobold brigand hits you but does no damage.
You closely miss the kobold brigand.
The kobold brigand splashes around in the water.
You closely miss the kobold brigand.
The kobold brigand hits you with a +1 whip of electrocution.
You are electrocuted!!
The kobold brigand hits you with a +1 whip of electrocution.
You are electrocuted!
* * * LOW HITPOINT WARNING * * *
You hit the kobold brigand.
The kobold brigand is lightly wounded.
The kobold brigand hits you with a +1 whip of electrocution.
* * * LOW HITPOINT WARNING * * *
You are electrocuted!!
You die...

## ###### #######
#. .#.#.# #.#.#.#
#~ ~#~#~# #~#~#~#
#~ ~#~#~# #~#~#~#
#~#~#)#~# #~#~#~#
~~~#~~~# #~..#~~
#.###~## ##)###~
#K# #~# #~# #.
#@###.# #~###~
#~.~~~# #.~~~~
##~~~## ##.~~#
#.~.# #.~.# #~~.#
#.~~# #~..##
##~~~# #~.~.##
##.~~.#
#~.~~.#####.~~~.#
##..~.~~~.~.~~.##


You could see a kobold brigand.

Vanquished Creatures
  A kobold brigand (Sewer)
  2 river rats (D:3)
  4 adders
  An ufetubus (D:3)
  A worm (Sewer)
  A dart slug (D:2)
  An orc (D:3)
  2 endoplasms
  2 giant cockroaches (D:3)
  5 goblins (D:1)
  3 hobgoblins
  2 jackals (D:2)
  A quokka (D:2)
  3 ball pythons
  5 bats (D:1)
  6 kobolds
  7 rats
47 creatures vanquished.

Notes
Turn   | Place    | Note
-------+----------+-------------------------------------------
     0 | D:1      | LnG the Hill Orc Fighter began the quest for the Orb.
     0 | D:1      | Reached XP level 1. HP: 19/19 MP: 1/1
    50 | D:1      | Noticed a great orb of eyes
    51 | D:1      | Found a faded altar of an unknown god.
    65 | D:1      | Noticed a shining eye
   238 | D:1      | Reached XP level 2. HP: 27/27 MP: 2/2
   240 | D:1      | Reached skill level 3 in Axes
   359 | D:1      | Noticed an eye of devastation
   360 | D:1      | Noticed a shining eye
   922 | D:2      | Reached XP level 3. HP: 27/33 MP: 3/3
  1627 | D:2      | Found Heigupp's General Store.
  1635 | D:2      | Bought a potion of curing for 39 gold pieces
  1898 | D:3      | Reached XP level 4. HP: 40/41 MP: 4/4
  1939 | D:3      | Reached skill level 4 in Axes
  1959 | D:3      | Found a glowing drain.
  2033 | Sewer    | Entered a sewer
  2210 | Sewer    | Noticed a kobold brigand
  2227 | Sewer    | Killed a kobold brigand
  2228 | Sewer    | Reached skill level 5 in Axes
  2228 | Sewer    | Reached XP level 5. HP: 41/47 MP: 5/5
  2426 | Sewer    | Noticed a kobold brigand
  2439 | Sewer    | Mangled by a kobold brigand

Illustrated notes

Levels and vault maps discovered:
D:1:      minmay_arrival_stone_box, layout_rooms,
          hellmonk_ecumenical_altar_watching_god, minmay_octomino_e4
D:2:      layout_basic, serial_shops, nicolae_shop_waterfront, moated_statue
D:3:      layout_loops_ring, grunt_temple_overflow_open, portal_sewer_entry_c
Sewer:    sewer_co_tree

Skill      XL: |  1  2  3  4 |
---------------+-------------+-----
Fighting       | 4 |  4.7
Axes           | 3 5 |  5.2
Armour         | 4 |  4.2
Dodging        | |  0.5
Stealth        | |  0.1
Shields        | |  3.6

Action                   |  1- 3 |  4- 6 || total
-------------------------+-------+-------++-------
Melee: War axe           |    78 |    75 ||   153
  Use: Potion            |       |     1 ||     1
Armor: Scale mail        |    50 |    29 ||    79
Dodge: Dodged            |    34 |    36 ||    70
Block: Buckler           |    24 |    13 ||    37

Table legend: (Time is in decaauts)
 A = Elapsed time spent in this place.
 B = Non-inter-level travel time spent in this place.
 C = Inter-level travel time spent in this place.
 D = Time resting spent in this place.
 E = Time spent auto-exploring this place.
 F = Levels seen in this place.
 G = Mean time per level.
                   A        B        C        D        E       F      G
               +--------+--------+--------+--------+--------+-----+--------+
         Total |   2492 |   2401 |     91 |    733 |   1177 |   4 |  623.0 |
       Dungeon |   2074 |   1983 |     91 |    484 |   1139 |   3 |  691.3 |
         Sewer |    417 |    417 |      0 |    249 |     38 |   1 |  417.0 |
               +--------+--------+--------+--------+--------+-----+--------+

Top non-repeatable levels by time:
     D:2: 950 daAuts
     D:1: 795 daAuts
   Sewer: 417 daAuts
     D:3: 328 daAuts
